[Event "Late-Titled-Tuesday-Blitz-January-30-2024"]
[Site "Chess.com"]
[Date "2024.01.30"]
[Round "5"]
[White "santosalberto1987"]
[Black "dzilleruelo"]
[Result "1-0"]
[WhiteElo "2533"]
[BlackElo "2326"]
[TimeControl "180+1"]
[EndTime "14:55:25 PST"]
[Termination "santosalberto1987 won by resignation"]

1. e4 c6 2. c4 d5 3. exd5 cxd5 4. cxd5 Nf6 5. Qa4+ Nbd7 6. Bc4 g6 7. Nc3 Bg7 8.
Nf3 O-O 9. d3 Nb6 10. Qb3 a5 11. Be3 Nxc4 12. dxc4 Bf5 13. O-O Rc8 14. c5 Be4 15. Rfd1 Bxf3 16. gxf3 Qd7 17. Qb5 Qh3 18.
Qe2 Nh5 19. Ne4 Be5 20. Ng3 Bf4 21. Qf1 Qxf1+ 22. Kxf1 Nxg3+ 23. hxg3 Bxe3 24. fxe3 Rxc5 25. Rd2 Rfc8 26. Rad1 Kf8 27. Ke2 b5 28. e4 Rc2 29. Rxc2 Rxc2+ 30. Rd2 Rxd2+ 31. Kxd2 h5 32. f4 f6 33. e5 fxe5 34. fxe5 g5 35. Ke3 Kf7 36. Ke4 Kg6 37. d6 exd6 38. exd6 Kf6 39. Kd5 h4 40. gxh4 gxh4 41. Kc6 h3 42. d7 1-0

[Event "Late-Titled-Tuesday-Blitz-January-30-2024"]
[Site "Chess.com"]
[Date "2024.01.30"]
[Round "5"]
[White "Kildepiotr"]
[Black "crescentmoon2411"]
[Result "0-1"]
[WhiteElo "2695"]
[BlackElo "3007"]
[TimeControl "180+1"]
[EndTime "14:55:26 PST"]
[Termination "crescentmoon2411 won by resignation"]

1. Nf3 Nf6 2. g3 d6 3. Bg2 e5 4.
d4 e4 5. Nfd2 d5 6. c4 c6 7. O-O h5 8. h4 Bd6 9. cxd5 cxd5 10. Nb3 Be6 11. Bg5 Nbd7 12. Nc3 a6 13. Na4 Qb8 14. e3 Ng4 15. Bf4 Bxf4 16. exf4 b6 17. Rc1 O-O 18. Nc3 Qd6 19. Qe2 Rfe8 20. Nd1 a5 21. Ne3 a4 22. Nd2 a3 23. b3 Ndf6 24.
Rfd1 Rec8 25. Ndf1 Qb4 26. f5 Bd7 27. Nxg4 Nxg4 28.
Rxc8+ Rxc8 29. f3 Bb5 30. Qe1 Qxe1 31. Rxe1 Bxf1 32. fxg4 Bxg2 33. Kxg2 hxg4 34. Re2 Rc3 35. Rf2 f6 36. Rd2 b5 37. Kf2 e3+ 0-1

[Event "Late-Titled-Tuesday-Blitz-January-30-2024"]
[Site "Chess.com"]
[Date "2024.01.30"]
[Round "5"]
[White "Gryffindorac8"]
[Black "JaackCamel"]
[Result "0-1"]
[WhiteElo "2392"]
[BlackElo "2164"]
[TimeControl "180+1"]
[EndTime "14:55:27 PST"]
[Termination "JaackCamel won by checkmate"]

1. d4 d5 2. c4 e6 3. Nf3 c6 4. g3 dxc4 5. Bg2 b5 6. O-O Bb7 7. Ne5 Qc8 8. b3 cxb3 9. Qxb3 Nd7 10. Nc3 Ngf6 11. a4 b4 12. Ne4 Nxe4 13. Bxe4 c5 14.
Bxb7 Qxb7 15. Nxd7 Qxd7 16. Rd1 Qb7 17. Bb2 Be7 18.
dxc5 O-O 19. Rac1 Rfc8 20. Qc4 Bxc5 21. Qg4 Bf8 22. a5 Rxc1 23. Rxc1 Rd8 24. Qc4 Rd2 25.
Rc2 Rd1# 0-1

[Event "Late-Titled-Tuesday-Blitz-January-30-2024"]
[Site "Chess.com"]
[Date "2024.01.30"]
[Round "5"]
[White "pooh2012"]
[Black "Iball95"]
[Result "1-0"]
[WhiteElo "2507"]
[BlackElo "2774"]
[TimeControl "180+1"]
[EndTime "14:55:28 PST"]
[Termination "pooh2012 won by checkmate"]

1. Nf3 d5 2. g3 Nf6 3. Bg2 c5 4. c4 e6 5. cxd5 exd5 6. O-O Nc6 7. d4 Be7 8. dxc5 Bxc5 9. Nc3 O-O 10. Bg5 d4 11. Bxf6 Qxf6 12. Ne4 Qe7 13. Nxc5 Qxc5 14. Rc1 Qb6 15. Qd2 Be6 16. a3 a5 17. Ng5 Bf5 18. Ne4 Rfe8 19. Nd6 Re5 20. Nc4 Qb5 21. Nxe5 Qxe5 22.
Bxc6 bxc6 23. Rxc6 h5 24. Rfc1 Bh3 25. R6c5 Qe4 26. f3 Qg6 27. Qxd4 Re8 28. Qh4 Qe6 29. e4 Qd7 30. Rxh5 f6 31. Rh8+ Kf7 32. Qh5+ g6 33. Rh7+ Ke6 34. Qxh3+ Ke5 35. Rxd7 a4 36. Rd5# 1-0

[Event "Late-Titled-Tuesday-Blitz-January-30-2024"]
[Site "Chess.com"]
[Date "2024.01.30"]
[Round "5"]
[White "Nemsko"]
[Black "Meri-Arabidze"]
[Result "0-1"]
[WhiteElo "2383"]
[BlackElo "2753"]
[TimeControl "180+1"]
[EndTime "14:55:32 PST"]
[Termination "Meri-Arabidze won by resignation"]

1. e4 c5 2. Nf3 e6 3. d4 cxd4 4.
Nxd4 Nc6 5. Nc3 a6 6. Be3 Qc7 7. Bd3 Nf6 8. Qd2 b5 9. O-O-O Bb7 10. f3 Bb4 11. a3 Be7 12. Na2 O-O 13.
Kb1 Ne5 14. g4 d5 15. g5 Nfd7 16. exd5 Bxd5 17. Rhf1 Nb6 18. Bf4 Bd6 19. Bxe5 Bxe5 20. Be4 Bxe4 21. fxe4 Nc4 22. Qf2 a5 23. Nxb5 Qb7 24.
a4 Nxb2 25. Qc5 Nxd1 26. Qxe5 Ne3 27. Rf3 Nc4 28. Qd4 Qxe4 29. Qxe4 Nd2+ 30. Kb2 Nxe4 31. h4 f6 32. gxf6 Rxf6 33. Re3 Rf4 34. Nc7 Rb8+ 35. Ka3 Nc5 36. Nc3 Kf7 37. Nxe6 Nxe6 0-1

[Event "Late-Titled-Tuesday-Blitz-January-30-2024"]
[Site "Chess.com"]
[Date "2024.01.30"]
[Round "5"]
[White "annacramling"]
[Black "RichardLeyvaP"]
[Result "0-1"]
[WhiteElo "2120"]
[BlackElo "2537"]
[TimeControl "180+1"]
[EndTime "14:55:35 PST"]
[Termination "RichardLeyvaP won on time"]

1. d4 Nf6 2. c4 g6 3. Nc3 Bg7 4. e4 d6 5. h3 O-O 6. Nf3 c5 7. d5 e6 8. Bd3 exd5 9. cxd5 b5 10. O-O c4 11. Bc2 Re8 12. Nxb5 Nxe4 13. Bf4 a6 14. Nbd4 Bb7 15. Re1 Nf6 16. Rxe8+ Nxe8 17. Ba4 Nf6 18.
Nc6 Qc7 19. Qe2 Nxd5 20. Qe8+ Bf8 21. Bh6 Nxc6 22. Re1 Ne5 23. Rxe5 dxe5 0-1

[Event "Late-Titled-Tuesday-Blitz-January-30-2024"]
[Site "Chess.com"]
[Date "2024.01.30"]
[Round "5"]
[White "Alexander_Donchenko"]
[Black "lachesisQ"]
[Result "0-1"]
[WhiteElo "2930"]
[BlackElo "3112"]
[TimeControl "180+1"]
[EndTime "14:55:40 PST"]
[Termination "lachesisQ won by resignation"]

1. Nf3 c5 2. c4 g6 3. d4 cxd4 4. Nxd4 Bg7 5. e4 Qa5+ 6. Nc3 Nc6 7. Be3 Nf6 8. Nb3 Qc7 9. Be2 O-O 10. O-O d6 11. Rc1 Be6 12. h3 Rfc8 13. Qd2 Qd8 14. f4 Na5 15. e5 Ne8 16. Nd5 Nxb3 17.
axb3 dxe5 18. fxe5 Bxd5 19. cxd5 Rxc1 20. Qxc1 Bxe5 21.
Qc4 Nd6 22. Qd3 Rc8 23. Bg4 f5 24. Bd1 Qa5 25. g4 Bxb2 26. Bg5 Bf6 27. Bf4 Qc3 28.
Qxc3 Rxc3 29. Bxd6 exd6 30. gxf5 g5 31. Rf3 Rc1 32.
Rd3 Kg7 33. Kg2 Be5 34. Bg4 a5 35. Re3 Kf6 36. Rd3 b5 37. Re3 Rc2+ 38. Kf3 a4 39.
bxa4 bxa4 40. Ke4 Rc4+ 41. Kf3 Rc3 42. Rxc3 Bxc3 0-1

[Event "Late-Titled-Tuesday-Blitz-January-30-2024"]
[Site "Chess.com"]
[Date "2024.01.30"]
[Round "5"]
[White "GlavkonVVS"]
[Black "platy3"]
[Result "0-1"]
[WhiteElo "2577"]
[BlackElo "2864"]
[TimeControl "180+1"]
[EndTime "14:55:46 PST"]
[Termination "platy3 won on time"]

1. c4 e5 2. Nc3 Nf6 3. g3 Bb4 4.
Bg2 O-O 5. Nh3 c6 6. O-O Bxc3 7. bxc3 d6 8. d3 h6 9. f4 Nbd7 10. e4 Re8 11. Rb1 a6 12. f5 b5 13. g4 bxc4 14. dxc4 Nc5 15. g5 Nfxe4 16. gxh6 Qh4 17. Rb6 gxh6 18.
Rxc6 Kh8 19. Rxd6 Nxd6 20. Qxd6 Rg8 21. Bxh6 Bb7 22. Ng5 Ne4 23. Qe7 Nxg5 0-1

[Event "Late-Titled-Tuesday-Blitz-January-30-2024"]
[Site "Chess.com"]
[Date "2024.01.30"]
[Round "5"]
[White "SHIVACalypso"]
[Black "GMBenjaminBok"]
[Result "0-1"]
[WhiteElo "2482"]
[BlackElo "2939"]
[TimeControl "180+1"]
[EndTime "14:55:48 PST"]
[Termination "GMBenjaminBok won by resignation"]

1. Nf3 Nf6 2. c4 e6 3. g3 d5 4. Bg2 Be7 5. O-O O-O 6. d4 dxc4 7. Qc2 a6 8. a4 Bd7 9. Ne5 Nc6 10. Qxc4 Nxe5 11. dxe5 Nd5 12. Nc3 Bc6 13. Rd1 Qc8 14. Nxd5 exd5 15. Bxd5 Bxd5 16. Rxd5 Qe6 17. Bf4 Rad8 18.
Rd4 Rxd4 19. Qxd4 Rd8 20. Qc3 c6 21. h4 h6 22. a5 g5 23. hxg5 hxg5 24. Be3 Rd5 25. Qb3 Rxa5 26. Qd1 Rxa1 27. Qxa1 Qxe5 28. Qc1 Bf6 29. b3 Kg7 30. Qc4 Qd5 31. Qb4 b5 32. f3 a5 33. Qxa5 Qxb3 34. Qc7 Qxe3+ 35. Kf1 Bd4 0-1

[Event "Late-Titled-Tuesday-Blitz-January-30-2024"]
[Site "Chess.com"]
[Date "2024.01.30"]
[Round "5"]
[White "MaxLeto"]
[Black "miraitrunks"]
[Result "1-0"]
[WhiteElo "2408"]
[BlackElo "2137"]
[TimeControl "180+1"]
[EndTime "14:55:48 PST"]
[Termination "MaxLeto won by resignation"]

1. g4 e5 2. Bg2 d5 3. d4 e4 4. c4 c6 5. Nc3 Bb4 6. Qb3 Bxc3+ 7. bxc3 Qb6 8. cxd5 Qxb3 9. axb3 cxd5 10. g5 Nc6 11.
Nh3 Be6 12. Nf4 Nge7 13. h4 O-O 14. Ba3 Rfe8 15. h5 Nf5 16. Kd2 Rad8 17. h6 g6 18. e3 Na5 19. Kc2 b6 20. Bb4 Nc6 21. Ba3 Rc8 22.
Kb2 Na5 23. Bh3 Rc6 24. Bxf5 gxf5 25. Nh5 Rec8 26. Bb4 Nb7 27. Rxa7 Nd6 28. Rha1 Nb5 29. Ra8 1-0

[Event "Late-Titled-Tuesday-Blitz-January-30-2024"]
[Site "Chess.com"]
[Date "2024.01.30"]
[Round "5"]
[White "TheAlienParty"]
[Black "protectiago"]
[Result "1-0"]
[WhiteElo "2382"]
[BlackElo "2067"]
[TimeControl "180+1"]
[EndTime "14:55:49 PST"]
[Termination "TheAlienParty won on time"]

1. c4 c5 2. Nf3 Nc6 3. d4 cxd4 4. Nxd4 g6 5. g3 Bg7 6. Nc2 Nf6 7. Nc3 O-O 8. Bg2 d6 9. O-O Be6 10. b3 Qd7 11. Bb2 Bh3 12. Qd2 Bxg2 13. Kxg2 a6 14. Ne3 b5 15. Rfd1 bxc4 16. Nxc4 Qb7 17. Kg1 Rfc8 18.
Na4 Rab8 19. Rac1 Qa7 20. Qe3 Qxe3 21. Nxe3 Nb4 22. a3 Nc6 23. Nc4 Rxb3 24. Na5 Rxb2 25.
Nxc6 Rb7 26. Nxe7+ Rxe7 27. Rxc8+ Bf8 28. e3 d5 29. Nb6 Rb7 30. Nxd5 Nxd5 31. Rxd5 Kg7 32. Ra5 Rb1+ 33. Kg2 Rb6 34. Ra8 1-0

[Event "Late-Titled-Tuesday-Blitz-January-30-2024"]
[Site "Chess.com"]
[Date "2024.01.30"]
[Round "5"]
[White "rikchessmx"]
[Black "RantomOpening"]
[Result "0-1"]
[WhiteElo "2320"]
[BlackElo "2531"]
[TimeControl "180+1"]
[EndTime "14:55:50 PST"]
[Termination "RantomOpening won by checkmate"]

1. e4 c5 2. Nf3 e6 3. d4 cxd4 4.
Nxd4 Nf6 5. Bd3 Nc6 6. Nxc6 bxc6 7. O-O d5 8. Nc3 Be7 9. Qe2 O-O 10. b3 Nd7 11. Na4 Nb6 12. Nb2 Nd7 13. c4 Nc5 14. Bb1 dxe4 15. b4 Nd3 16. Nxd3 exd3 17. Bxd3 g6 18. Bb2 Bf6 19. Bxf6 Qxf6 20. a4 e5 21. Rfe1 Re8 22. c5 e4 23. Bc4 Bf5 24. Rac1 Kg7 25. b5 Re5 26. Ba2 Rc8 27. b6 axb6 28. cxb6 Rb8 29. Rb1 Ra5 30. Qc2 Ra6 31. Qc5 e3 32. Rb4 exf2+ 33. Qxf2 c5 34. Qxc5 Raxb6 35. Rxb6 Rxb6 36.
a5 Rb2 37. Bc4 Be4 38. Rxe4 Rb1+ 39. Re1 Rxe1+ 40. Bf1 Qxf1# 0-1

[Event "Late-Titled-Tuesday-Blitz-January-30-2024"]
[Site "Chess.com"]
[Date "2024.01.30"]
[Round "5"]
[White "LUISMIGUELOV"]
[Black "GMthekingindian"]
[Result "1-0"]
[WhiteElo "2199"]
[BlackElo "2398"]
[TimeControl "180+1"]
[EndTime "14:55:50 PST"]
[Termination "LUISMIGUELOV won by checkmate"]

1. d4 d5 2. c3 c6 3. Bf4 Nf6 4. e3 Bf5 5. Bd3 Bxd3 6. Qxd3 e6 7. Nf3 Nbd7 8. Nbd2 Be7 9. O-O O-O 10. b4 a5 11.
a3 axb4 12. axb4 Qb6 13. Ne5 Nxe5 14. Bxe5 Nd7 15. Nf3 h6 16. h3 Rfc8 17. Rfb1 Ra7 18. Rxa7 Qxa7 19. c4 Nb6 20. c5 Nc4 21. Bg3 Qa2 22. b5 Ra8 23. bxc6 bxc6 24. Rb8+ Rxb8 25.
Bxb8 Bd8 26. Ne5 Nxe5 27. Bxe5 Qa4 28. Bg3 Kf8 29. Qh7 Qd1+ 30. Kh2 Bf6 31. Qh8+ Ke7 32.
Qc8 Qa4 33. Bd6# 1-0

[Event "Late-Titled-Tuesday-Blitz-January-30-2024"]
[Site "Chess.com"]
[Date "2024.01.30"]
[Round "5"]
[White "leotobares"]
[Black "AndreyNeves"]
[Result "1-0"]
[WhiteElo "2402"]
[BlackElo "2077"]
[TimeControl "180+1"]
[EndTime "14:55:54 PST"]
[Termination "leotobares won by resignation"]

1. e4 c6 2. d4 d5 3. Nc3 dxe4 4. Nxe4 Nf6 5. Nxf6+ exf6 6. Bc4 Bd6 7. Ne2 O-O 8. O-O Bg4 9. h3 Bh5 10. Be3 Re8 11. Qd2 Nd7 12. Nf4 Bg6 13. Nxg6 hxg6 14. Rae1 Nb6 15. Bb3 Nd5 16. Bxd5 cxd5 17. Bf4 Bxf4 18.
Qxf4 Qb6 19. b3 Re6 20. Rxe6 Qxe6 21. Rc1 b5 22. Qe3 Rc8 23. Qxe6 fxe6 24. Kf1 b4 25. Ke2 Kf7 26. Kd2 Rc3 27. a3 a5 28. axb4 axb4 29.
Ra1 e5 30. Ra4 Rc7 31. Rxb4 Ke6 32. Rb6+ Kf5 33. Rb5 Ke4 34. f3+ Kxd4 35. c3+ Rxc3 36. Rb4+ Kc5 37. Kxc3 d4+ 38. Rxd4 exd4+ 39. Kd3 g5 40. g4 Kb4 41. Kxd4 Kxb3 42. Kd5 Kc3 43. Ke6 Kd3 44. Kf7 Ke3 45. Kxg7 Kxf3 46. Kxf6 1-0

[Event "Late-Titled-Tuesday-Blitz-January-30-2024"]
[Site "Chess.com"]
[Date "2024.01.30"]
[Round "5"]
[White "GMAkobianSTL"]
[Black "LevonAronian"]
[Result "0-1"]
[WhiteElo "2722"]
[BlackElo "3096"]
[TimeControl "180+1"]
[EndTime "14:55:56 PST"]
[Termination "LevonAronian won by resignation"]

1. d4 Nf6 2. c4 g6 3. Nc3 Bg7 4. Nf3 O-O 5. Bg5 c5 6. d5 b5 7.
cxb5 a6 8. b6 Qxb6 9. Rb1 d6 10.
e4 h6 11. Be3 Ng4 12. Bd2 c4 13. Qe2 Nd7 14. h3 Nc5 15. hxg4 Nd3+ 16. Kd1 Nxf2+ 17. Kc2 Nxh1 18. Be3 Qa5 19. Qd2 Bxg4 20. Bxh6 Ng3 21. Bxc4 Rfc8 22. Bxg7 Kxg7 23. b3 Nh5 24. Qd4+ Nf6 25.
Rf1 Bxf3 26. Rxf3 Qc5 27. Qxc5 Rxc5 28. Kd3 Nd7 29. Rf1 Ne5+ 0-1

[Event "Late-Titled-Tuesday-Blitz-January-30-2024"]
[Site "Chess.com"]
[Date "2024.01.30"]
[Round "5"]
[White "GMRafpig"]
[Black "ahkashefi2800"]
[Result "1-0"]
[WhiteElo "2751"]
[BlackElo "2576"]
[TimeControl "180+1"]
[EndTime "14:56:00 PST"]
[Termination "GMRafpig won on time"]

1. c4 Nf6 2. Nc3 c6 3. e4 d5 4. e5 d4 5. exf6 dxc3 6. fxg7 cxd2+ 7. Bxd2 Bxg7 8. Qc2 Nd7 9. Nf3 Nf6 10. O-O-O Bg4 11.
Bd3 Qc7 12. Rde1 O-O-O 13. Ne5 Bh5 14. Bc3 e6 15. f4 Bg6 16. f5 exf5 17. Bxf5+ Kb8 18.
Rhf1 Rhe8 19. Bxg6 fxg6 20. Kb1 Ka8 21. a3 a6 22. Qa4 Kb8 23. Ba5 b6 24. Nxc6+ Ka8 25.
Nxd8 Rxd8 26. Bc3 1-0

[Event "Late-Titled-Tuesday-Blitz-January-30-2024"]
[Site "Chess.com"]
[Date "2024.01.30"]
[Round "5"]
[White "N_Mullodzhanov"]
[Black "dennisodessa"]
[Result "0-1"]
[WhiteElo "2445"]
[BlackElo "2606"]
[TimeControl "180+1"]
[EndTime "14:56:03 PST"]
[Termination "dennisodessa won by checkmate"]

1. e4 e6 2. d4 d5 3. Nd2 Nf6 4. e5 Nfd7 5. Bd3 c5 6. c3 Nc6 7.
Ne2 cxd4 8. cxd4 f6 9. exf6 Qxf6 10. Nf3 h6 11. O-O Bd6 12. Ng3 O-O 13. Re1 Rd8 14. Qe2 Nf8 15. Nh5 Qf7 16. Ne5 Nxd4 17. Qg4 Bxe5 18.
Rxe5 Nf5 19. Ng3 Ng6 20. Re1 Rf8 21. Bd2 e5 22. Nxf5 Bxf5 23. Bxf5 Qxf5 24. Qe2 e4 25. Bc3 Nf4 26. Qf1 Rae8 27. Rad1 Re6 28. g3 Nh3+ 29.
Kh1 Nxf2+ 30. Kg1 Qf3 31. Qg2 Nxd1 32. Qxf3 Rxf3 33. Rxd1 Rd3 34. Rxd3 exd3 35. Kf1 d4 36. Bb4 b6 37. a4 a5 38. Bd2 Re2 39. Bf4 g5 40. Bd6 Re6 41. Ba3 d2 42. Bf8 d1=Q+ 43. Kf2 Kxf8 44. b4 Qd3 45. b5 Re2+ 46. Kf1 Qd1# 0-1

[Event "Late-Titled-Tuesday-Blitz-January-30-2024"]
[Site "Chess.com"]
[Date "2024.01.30"]
[Round "5"]
[White "Alex_Banzea"]
[Black "dmitrijiIM"]
[Result "1-0"]
[WhiteElo "2633"]
[BlackElo "2885"]
[TimeControl "180+1"]
[EndTime "14:56:04 PST"]
[Termination "Alex_Banzea won by checkmate"]

1. d4 Nf6 2. Nc3 d5 3. Bf4 c5 4. e3 cxd4 5. exd4 a6 6. Bd3 Nc6 7. Nge2 Bg4 8. f3 Bh5 9. g4 Bg6 10. h4 e6 11. h5 Bxd3 12. Qxd3 h6 13. O-O-O Qa5 14. Kb1 b5 15. Nc1 Rc8 16. Nb3 Qb6 17.
Rhe1 Bb4 18. a3 Bxc3 19. Qxc3 O-O 20. Bd6 Rfd8 21. Bc5 Qb7 22. Rg1 Qc7 23. Qe3 e5 24. g5 Nxh5 25. gxh6 g6 26. Rg5 exd4 27. h7+ Kg7 28.
Bxd4+ Nxd4 29. Qxd4+ Nf6 30. Rdg1 Qxc2+ 31. Ka2 Qc4 32.
Qe5 Re8 33. h8=Q+ Rxh8 34. Rxg6+ fxg6 35. Qe7+ Kh6 36. Qxf6 Kh5 37. Qg5# 1-0

[Event "Late-Titled-Tuesday-Blitz-January-30-2024"]
[Site "Chess.com"]
[Date "2024.01.30"]
[Round "5"]
[White "sotochess"]
[Black "Brahianzevich"]
[Result "0-1"]
[WhiteElo "2557"]
[BlackElo "2413"]
[TimeControl "180+1"]
[EndTime "14:56:05 PST"]
[Termination "Brahianzevich won by checkmate"]

1. e4 c5 2. Nf3 d6 3. d4 cxd4 4. Nxd4 Nf6 5. f3 a6 6. c4 Nc6 7. Nc2 e6 8. Nc3 Bd7 9. Be3 Be7 10. Qd2 O-O 11. Be2 Qb8 12. O-O Ne5 13. Rfd1 Rc8 14. b3 b5 15. cxb5 axb5 16. Nd4 d5 17. Ncxb5 dxe4 18. a4 exf3 19. gxf3 Bc5 20. Rac1 Nd5 21.
Rxc5 Nxe3 22. Qxe3 Rxc5 23. Nxe6 Rxb5 24. Bxb5 Bxe6 25.
Kg2 Ng6 26. Rd4 Qb6 27. Qd2 h6 28. Qd3 Rc8 29. b4 Rc1 30. h4 Nf4+ 31. Rxf4 Qg1# 0-1

[Event "Late-Titled-Tuesday-Blitz-January-30-2024"]
[Site "Chess.com"]
[Date "2024.01.30"]
[Round "5"]
[White "Fh2411"]
[Black "Elsa167"]
[Result "0-1"]
[WhiteElo "2585"]
[BlackElo "2869"]
[TimeControl "180+1"]
[EndTime "14:56:07 PST"]
[Termination "Elsa167 won by resignation"]

1. d4 Nf6 2. Nf3 b6 3. Bf4 Bb7 4. e3 e6 5. Nbd2 c5 6. Nc4 cxd4 7. exd4 d6 8. a4 Be7 9. Bd3 O-O 10. O-O Qc7 11. c3 Nbd7 12. Re1 Rfe8 13. Bg3 Bf8 14. Qe2 a6 15. Ncd2 g6 16. Ne4 Nxe4 17. Bxe4 Nf6 18. Bxb7 Qxb7 19. Bh4 Nd5 20. c4 Nf4 21. Qe3 e5 22. Bf6 Bh6 23. Qe4 Qxe4 24. Rxe4 Nh5 25. Bh4 f5 26. Re2 e4 27. Ne1 g5 28. Bg3 f4 29. d5 Bg7 30. Rd1 a5 31. b3 Nf6 32.
Nc2 Nd7 33. Nd4 Bxd4 34. Rxd4 Nc5 35. Rb2 Re7 36. h3 fxg3 37. fxg3 e3 0-1

[Event "Late-Titled-Tuesday-Blitz-January-30-2024"]
[Site "Chess.com"]
[Date "2024.01.30"]
[Round "5"]
[White "Nf3c5"]
[Black "Kostukov_Alex"]
[Result "1-0"]
[WhiteElo "2520"]
[BlackElo "2294"]
[TimeControl "180+1"]
[EndTime "14:56:07 PST"]
[Termination "Nf3c5 won on time"]

1. e4 c5 2. Nf3 g6 3. d4 cxd4 4.
Nxd4 Bg7 5. Nc3 Nc6 6. Nde2 Nf6 7. g3 O-O 8. Bg2 d6 9. O-O Rb8 10. a4 a6 11. h3 b5 12. axb5 axb5 13. Nd5 Nxd5 14.
exd5 Ne5 15. Ra2 Qc7 16. b3 e6 17. Nf4 Bb7 18. dxe6 Bxg2 19. Kxg2 fxe6 20. Nxe6 Qc6+ 21.
f3 Rf6 22. Nxg7 Rbf8 23. Bf4 Kxg7 24. Ra7+ Nf7 25. Qd4 h6 26. Bxh6+ Kxh6 27. Qxf6 Qxc2+ 28. Rf2 Qxb3 29. g4 Qd5 30. h4 Kh7 31. Re2 1-0

[Event "Late-Titled-Tuesday-Blitz-January-30-2024"]
[Site "Chess.com"]
[Date "2024.01.30"]
[Round "5"]
[White "rose107"]
[Black "BebeBonito2022"]
[Result "1-0"]
[WhiteElo "2128"]
[BlackElo "2323"]
[TimeControl "180+1"]
[EndTime "14:56:07 PST"]
[Termination "rose107 won by checkmate"]

1. e4 e5 2. Nf3 Nc6 3. Bc4 Nf6 4. d4 exd4 5. e5 d5 6. Bb5 Ne4 7. Nxd4 Bc5 8. Be3 O-O 9. Bxc6 bxc6 10. O-O Ba6 11.
Re1 Bxd4 12. Bxd4 c5 13. Be3 Bb7 14. f3 Ng5 15. Bxc5 Re8 16. c3 Ne6 17. Bd4 c5 18. Bf2 Qb6 19. Qc2 d4 20. Nd2 Rad8 21. cxd4 cxd4 22.
Nb3 Qb5 23. Rad1 d3 24. Qc3 Nf4 25. Nd4 Qd5 26. Qd2 g5 27. h4 Rxe5 28. hxg5 Rxe1+ 29. Rxe1 Qxg5 30. Be3 Rxd4 31. Bxd4 Nh3+ 32. Kf1 Qxd2 33. Re8# 1-0

[Event "Late-Titled-Tuesday-Blitz-January-30-2024"]
[Site "Chess.com"]
[Date "2024.01.30"]
[Round "5"]
[White "Genghis_K"]
[Black "aistrel"]
[Result "1-0"]
[WhiteElo "2829"]
[BlackElo "2529"]
[TimeControl "180+1"]
[EndTime "14:56:08 PST"]
[Termination "Genghis_K won by checkmate"]

1. d4 d5 2. c4 e6 3. Nf3 c6 4. e3 f5 5. Bd3 Nf6 6. O-O Bd6 7.
b3 Qe7 8. a4 O-O 9. Ba3 Nbd7 10. Qc1 g6 11. a5 e5 12. Bxd6 Qxd6 13. dxe5 Nxe5 14. Nxe5 Qxe5 15. Nd2 Ne4 16. Nf3 Qd6 17. a6 bxa6 18. cxd5 cxd5 19. Rd1 Rb8 20. Bc4 Nf6 21. Ra5 Rd8 22. Qa1 Rb6 23. Bf1 Rxb3 24. Bxa6 Bxa6 25. Rxa6 Rb6 26. Rxa7 Rd7 27. Ra8+ Rd8 28. Rc1 Rxa8 29. Qxa8+ Rb8 30. Qa7 Rd8 31. g3 h6 32. Rc7 Rd7 33. Qb8+ Rd8 34. Qb7 Rd7 35. Rc8+ Rd8 36. Rc6 Qf8 37. Nh4 Rb8 38. Qc7 g5 39. Nxf5 Rb1+ 40. Kg2 Ng4 41. Rg6+ Kh8 42. Qc3+ Kh7 43. Rg7+ Kh8 44. Rf7+ Qg7 45. Qxg7# 1-0

[Event "Late-Titled-Tuesday-Blitz-January-30-2024"]
[Site "Chess.com"]
[Date "2024.01.30"]
[Round "5"]
[White "Seochesspie"]
[Black "ValeriyGrinev"]
[Result "1-0"]
[WhiteElo "2853"]
[BlackElo "2561"]
[TimeControl "180+1"]
[EndTime "14:56:09 PST"]
[Termination "Seochesspie won by checkmate"]

1. d4 Nf6 2. Bg5 d5 3. Nd2 h6 4. Bh4 Nbd7 5. e3 c6 6. f4 e6 7. c3 Be7 8. Ngf3 b6 9. Bd3 Bb7 10. Qe2 Rc8 11. O-O c5 12. Ne5 cxd4 13. exd4 Nxe5 14.
fxe5 Nd7 15. Bxe7 Qxe7 16. Rf4 f6 17. exf6 gxf6 18. Re1 e5 19. Bf5 e4 20. Qh5+ Kd8 21. Nf1 Kc7 22. Ne3 Rcf8 23. Ref1 Qd6 24. Bxd7 Kxd7 25. Ng4 Ba6 26. Rxf6 Bxf1 27. Rxd6+ Kxd6 28. Qe5+ Kc6 29. Nf6 Bc4 30. b3 Bd3 31. Qxd5+ Kc7 32. Qe5+ Kb7 33. h4 Rc8 34. c4 Rhd8 35. Nxe4 Bxe4 36. Qxe4+ Ka6 37. d5 Re8 38. Qd3 Kb7 39.
d6 Rcd8 40. Qd5+ Ka6 41. b4 Re1+ 42. Kh2 Rc1 43. c5 bxc5 44. Qc6# 1-0

[Event "Late-Titled-Tuesday-Blitz-January-30-2024"]
[Site "Chess.com"]
[Date "2024.01.30"]
[Round "5"]
[White "Mops_2004"]
[Black "jsdbv18"]
[Result "1-0"]
[WhiteElo "2776"]
[BlackElo "2608"]
[TimeControl "180+1"]
[EndTime "14:56:11 PST"]
[Termination "Mops_2004 won by resignation"]

1. f4 Nf6 2. Nf3 c5 3. d3 d5 4. g3 g6 5. Bg2 Bg7 6. O-O O-O 7. Qe1 Qb6 8. Kh1 d4 9. Ne5 Nbd7 10. Nc4 Qc7 11.
a4 Nb6 12. Nbd2 Bd7 13. a5 Nxc4 14. Nxc4 Bc6 15. e4 dxe3 16. Bxe3 Bxg2+ 17. Kxg2 Nd5 18.
Bd2 Rad8 19. Qe4 Rfe8 20. f5 e6 21. fxg6 hxg6 22. Rae1 f5 23. Qf3 e5 24. Rf2 Nf6 25. Bc3 e4 26. dxe4 Nxe4 27. Rfe2 Bxc3 28. bxc3 Qf7 29.
Nb2 c4 30. Nd1 Re5 31. Nf2 Nd2 32. Rxd2 Rxd2 33. Rxe5 Rxc2 34. Qd1 1-0

[Event "Late-Titled-Tuesday-Blitz-January-30-2024"]
[Site "Chess.com"]
[Date "2024.01.30"]
[Round "5"]
[White "Anar_Aliakbarov"]
[Black "Sanan_Sjugirov"]
[Result "0-1"]
[WhiteElo "2658"]
[BlackElo "2977"]
[TimeControl "180+1"]
[EndTime "14:56:12 PST"]
[Termination "Sanan_Sjugirov won on time"]

1. d4 Nf6 2. c4 g6 3. Nc3 Bg7 4. e4 d6 5. Nf3 O-O 6. Be2 e5 7. O-O Bg4 8. dxe5 Bxf3 9. exf6 Bxe2 10. Qxe2 Bxf6 11. Bh6 Re8 12. Nd5 Bh8 13. Rad1 Nd7 14. f4 c6 15. Nc3 Qe7 16. Bg5 Bf6 17.
Bxf6 Nxf6 18. Rfe1 Rad8 19. h3 Nd7 20. b4 a5 21. a3 axb4 22. axb4 Nf8 23. b5 Ne6 24. bxc6 bxc6 25. Qf2 Qf6 26. e5 dxe5 27. Rxd8 Rxd8 28. fxe5 Qxf2+ 29. Kxf2 Nc5 30. Rd1 Rxd1 31. Nxd1 Nd3+ 32. Ke3 Nxe5 33. Kd4 f6 34. Kc5 Kf7 35. Ne3 Ke6 36.
Kb6 f5 37. c5 f4 38. Nc2 g5 39. Nd4+ Kd5 40. Nb3 Nd7+ 41. Kc7 Nxc5 0-1

[Event "Late-Titled-Tuesday-Blitz-January-30-2024"]
[Site "Chess.com"]
[Date "2024.01.30"]
[Round "5"]
[White "kai_nov"]
[Black "sjoerd893"]
[Result "0-1"]
[WhiteElo "2290"]
[BlackElo "2497"]
[TimeControl "180+1"]
[EndTime "14:56:12 PST"]
[Termination "sjoerd893 won on time"]

1. d4 d5 2. c4 c6 3. Nf3 Nf6 4.
e3 e6 5. Nbd2 Nbd7 6. Bd3 Bd6 7.
O-O O-O 8. e4 dxe4 9. Nxe4 Nxe4 10. Bxe4 Nf6 11. Bc2 c5 12. Qd3 h6 13. Ne5 cxd4 14.
Bf4 Qc7 15. Ng4 Rd8 16. Nxf6+ gxf6 17. Qh7+ Kf8 18. Bxh6+ Ke7 19. Bg6 Kd7 20. Qxf7+ Kc6 21. Qxf6 Bxh2+ 22. Kh1 Be5 23. Qf3+ Kd7 24. Be4 Rh8 25.
Qf7+ Kd8 26. Qg6 Qg7 27. Qxg7 Bxg7 28. g3 Rxh6+ 29. Kg2 e5 30. Rh1 Rxh1 31. Rxh1 Ke7 32. Rh7 Kf6 33. f4 exf4 34. gxf4 Be6 35. b3 Rb8 36. Kf3 b6 37. Rh1 Rh8 0-1